 Dungeon Crawl Stone Soup version 0.31-a0-995-g04711c9635 (webtiles) character file.

Game seed: 14777719795552625036

70 Dirtsage the Slasher (level 4, 0/29 HPs)
             Began as a Vampire Gladiator on Nov 6, 2023.
             Splashed by a jelly's acid (4 damage)
             ... on level 4 of the Dungeon.
             The game lasted 00:05:01 (1958 turns).

Dirtsage the Slasher (Vampire Gladiator)            Turns: 1958, Time: 00:05:02

Health: 0/29       AC: -3    Str: 13    XL:     4   Next: 3%
Magic:  4/4        EV: 13    Int: 10    God:
Gold:   124        SH:  0    Dex: 17    Spells: 3/3 levels left

rFire   . . .        a - +0 long sword
rCold   . . .        (no shield)
rNeg    . . .        b - +0 leather armour
rPois   .            c - +0 helmet
rElec   .            j - +0 cloak
rCorr   .            (no gloves)
SInv    +            (no boots)
Will    .....        i - amulet of regeneration
Stlth   +            (no ring)
HPRegen 1.24/turn    (no ring)
MPRegen 0.09/turn

%: no passive effects
@: corroded, healing quickly
A: alive, fangs 3, see invisible, vampiric 2, [frail 1]
a: Exsanguinate


You were on level 4 of the Dungeon.
You visited 1 branch of the dungeon, and saw 4 of its levels.

You collected 124 gold pieces.

Inventory:

Hand Weapons
 a - a +0 long sword (weapon)
Missiles
 d - 3 throwing nets (quivered)
 e - 5 javelins
Armour
 b - a +0 leather armour (worn)
 c - a +0 helmet (worn)
 j - a +0 cloak (worn)
 m - a +0 chain mail
Magical Staves
 x - a staff of air
Jewellery
 i - an amulet of regeneration (around neck)
Talismans
 h - a beast talisman
Scrolls
 f - a scroll of silence {unknown}
 n - a scroll of fear {unknown}
 o - a scroll of enchant weapon {unknown}
 q - a scroll of poison {unknown}
 r - a scroll of fog {unknown}
 s - a scroll of amnesia {unknown}
 t - a scroll of teleportation
 v - a scroll of torment {unknown}
 y - a scroll of identify {unknown}
Potions
 g - 2 potions of heal wounds {unknown}
 k - a potion of resistance {unknown}
 l - a potion of curing {unknown}
 p - 2 potions of lignification {unknown}
 u - a potion of mutation {unknown}
 w - a potion of attraction {unknown}
 z - a potion of haste {unknown}


   Skills:
 - Level 1.7 Fighting
 + Level 4.9 Long Blades
 - Level 1.5 Throwing
 - Level 3.2 Dodging


You had 3 spell levels left.
You didn't know any spells.
Your spell library contained the following spells:

 Spells                   Type           Power      Damage    Failure   Level
 Sandblast                Erth           0%         2d4       43%         1
 Passwall                 Tmut/Erth      0%         N/A       58%         2
 Stone Arrow              Conj/Erth      0%         3d7       82%         3
 Brom's Barrelling Bould  Conj/Erth      0%         2d3       99%         4


Dungeon Overview and Level Annotations

Branches:
Dungeon (4/15)
 Temple: D:4-7

Altars:
Cheibriados
Trog


Innate Abilities, Weirdness & Mutations

Your natural rate of healing is accelerated.
You have razor-sharp teeth.
You have supernaturally acute eyesight. (SInv)
You are afflicted with vampirism and can become a bat while bloodless.
[You are frail. (-10% HP)]


Message History

The ball python completely misses you. The ball python closely misses you.
The ball python bites you but does no damage.
The ball python closely misses you.
You closely miss the ball python. You bite the ball python.
You kill the ball python!
No target in view!
No target in view!
No target in view!
You see here a ball python corpse.
You now have 124 gold pieces (gained 16).
A bat comes into view.
A bat is nearby!
The bat closely misses you.
You slash the bat!
You kill the bat!
No target in view!
No target in view!
You see here a bat corpse.
Done exploring.
There is a bloodstained altar of Trog here.
There is an escape hatch in the floor here.
You slide downwards.
The hatch slams shut behind you.
The jelly quivers.
A jelly is nearby!
Found a stone staircase leading down.
You hit the jelly but do no damage.
Your hands burn!
You bite the jelly.
The jelly is lightly wounded.
The jelly hits you. The acid corrodes you!
You are splashed with acid!
You take 9 damage, and have 20/29 hp.
MASSIVE DAMAGE!!
You hit the jelly but do no damage.
Your hands burn!
The jelly is lightly wounded.
The jelly barely misses you.
You take 3 damage, and have 17/29 hp.
You hit the jelly.
Your hands burn!
The jelly is heavily wounded.
The jelly hits you. The acid corrodes you!
You are splashed with acid!
* * * LOW HITPOINT WARNING * * *
You take 13 damage, and have 4/29 hp.
MASSIVE DAMAGE!!
You slash the jelly!
Your hands burn!
You die...

#.. ... #.% ..
>... #.. ..
.... .. . .....
### #.#. .....
.... #..#......
.....#..#......
...........#
.......@.###
.......J##
........#
........#
........#
.........
.......#.
....... .


You could see a jelly.

Vanquished Creatures
  An adder (D:2)
  5 ball pythons
  5 endoplasms
  3 giant cockroaches (D:3)
  6 goblins
  3 hobgoblins
  5 jackals
  3 quokkas
  6 bats
  A frilled lizard (D:2)
  6 kobolds
  10 rats
54 creatures vanquished.

Notes
Turn   | Place    | Note
-------+----------+-------------------------------------------
     0 | D:1      | Dirtsage the Vampire Gladiator began the quest for the Orb.
     0 | D:1      | Reached XP level 1. HP: 16/16 MP: 1/1
   172 | D:1      | Reached XP level 2. HP: 22/22 MP: 2/2
   413 | D:1      | Reached skill level 4 in Long Blades
   954 | D:2      | Gained mutation: You are afflicted with vampirism and can
                  | become a bat while bloodless. [Vampire growth]
   954 | D:2      | Reached XP level 3. HP: 21/21 MP: 3/3
  1410 | D:3      | Found a snail-covered altar of Cheibriados.
  1503 | D:3      | Found a bloodstained altar of Trog.
  1745 | D:3      | Reached XP level 4. HP: 29/29 MP: 4/4
  1952 | D:4      | Identified the "Afryteps"
  1958 | D:4      | Splashed by a jelly's acid

Illustrated notes

Levels and vault maps discovered:
D:1:      scummos_arrival_star, layout_basic, minmay_door_square
D:2:      layout_loops_cross, minmay_cupped
D:3:      layout_loops_ring, mainiacjoe_overflow_paths,
          mainiacjoe_overflow_concentric_impassable
D:4:      layout_cave_pods, chequers_serial_rivers_small_b, solitary_fountain,
          minmay_misc_feat_ornament

Skill      XL: |  1  2 |
---------------+-------+-----
Long Blades    | 4 |  4.9
Fighting       | |  1.7
Throwing       | |  1.5
Dodging        | |  3.2

Action                     |  1- 3 |  4- 6 || total
---------------------------+-------+-------++-------
  Melee: Long sword        |   131 |     6 ||   137
         Bite              |    13 |     2 ||    15
Ability: Exsanguinate      |     1 |       ||     1
         Revivify          |     1 |       ||     1
    Use: Scroll            |       |     1 ||     1
   Stab: Sleeping          |     6 |       ||     6
 Armour: Leather armour    |    67 |     3 ||    70
  Dodge: Dodged            |    90 |     5 ||    95

Table legend: (Time is in decaauts)
 A = Elapsed time spent in this place.
 B = Non-inter-level travel time spent in this place.
 C = Inter-level travel time spent in this place.
 D = Time resting spent in this place.
 E = Time spent auto-exploring this place.
 F = Levels seen in this place.
 G = Mean time per level.
                   A        B        C        D        E       F      G
               +--------+--------+--------+--------+--------+-----+--------+
         Total |   1983 |   1886 |     97 |      0 |   1478 |   4 |  495.8 |
       Dungeon |   1983 |   1886 |     97 |      0 |   1478 |   4 |  495.8 |
               +--------+--------+--------+--------+--------+-----+--------+

Top non-repeatable levels by time:
     D:1: 805 daAuts
     D:3: 596 daAuts
     D:2: 575 daAuts
     D:4: 6 daAuts
